3AA
DURHAM RAPIERS @ FT. POLK SOUTH THUNDER HAWKS
07/10/2034
 
TOP OF THE 1ST
Durham Rapiers batting - Pitching for Ft. Polk South Thunder Hawks : RHP Jesús Silva
Pitching: RHP Jesús Silva
Batting: RHB Tso-i Wang 0-0: Ball
1-0: Called Strike
1-1: Foul Ball, location: 2F
1-2: SOLO HOME RUN (Flyball, 7LD), Distance : 350 ft
Batting: LHB Steve Costillo 0-0: Ball
1-0: Ball
2-0: Foul Ball, location: 2F
2-1: Ball
3-1: Base on Balls
Batting: RHB Juan Guzmán 0-0: SINGLE (Groundball, 6MD)
Steve Costillo to second
Batting: RHB Harlan Thompson 0-0: Foul Ball, location: 2F
0-1: Swinging Strike
0-2: Ball
1-2: Ball
2-2: Strikes out swinging
Batting: RHB Huai-yi Yang 0-0: Swinging Strike
0-1: Fielders Choice at 2nd, 5-4 (Groundball, 56)
Steve Costillo to third
Batting: RHB Mason Congdon 0-0: Ball
Balk!
Steve Costillo scores
Huai-yi Yang to second
1-0: Foul Ball, location: 2F
1-1: Ball
2-1: Ball
3-1: Foul Ball, location: 2F
3-2: Ground out 4-3 (Groundball, 4)
Top of the 1st over - 2 runs, 2 hits, 0 errors, 1 left on base; Durham 2 - Ft. Polk South 0
BOTTOM OF THE 1ST
Ft. Polk South Thunder Hawks batting - Pitching for Durham Rapiers : RHP Scott Thompson
Pitching: RHP Scott Thompson
Batting: LHB Augusto Reyes 0-0: Called Strike
0-1: Swinging Strike
0-2: Ball
1-2: Ball
2-2: Ball
3-2: SINGLE (Groundball, 5D)
Batting: LHB Yu Miao 0-0: Grounds into double play, 4-6-3 (Groundball, 4)
Batting: RHB Ruggiero Veneziano 0-0: Called Strike
0-1: Ball
1-1: Called Strike
1-2: Ball
2-2: SINGLE (Groundball, 6) (infield hit)
Batting: LHB Marc Ben 0-0: Ball
1-0: Ball
2-0: Called Strike
2-1: SINGLE (Line Drive, 8RS)
Ruggiero Veneziano to second
Batting: RHB Pedro Larate 0-0: Ball
1-0: Foul Ball, location: 2F
1-1: Swinging Strike
1-2: Fielders Choice at 2nd, 5-4 (Groundball, 56)
Bottom of the 1st over - 0 runs, 3 hits, 0 errors, 2 left on base; Durham 2 - Ft. Polk South 0
TOP OF THE 2ND
Durham Rapiers batting - Pitching for Ft. Polk South Thunder Hawks : RHP Jesús Silva
Batting: LHB Dante Aristizabal 0-0: Swinging Strike
0-1: Ball
1-1: SINGLE (Groundball, 34D)
Batting: RHB Scotty Glenn 0-0: Ball
1-0: Ball
2-0: Ball
3-0: Base on Balls
Dante Aristizabal to second
Batting: SHB Rafael González 0-0: 3-RUN HOME RUN (Flyball, 9LD), Distance : 335 ft
Batting: RHB Tso-i Wang 0-0: Swinging Strike
0-1: Foul Ball, location: 2F
0-2: Strikes out swinging, 2-3 out at first.
Batting: LHB Steve Costillo 0-0: Ball
1-0: Swinging Strike
1-1: Ball
2-1: Ball
3-1: Foul Ball, location: 2F
3-2: Base on Balls
Batting: RHB Juan Guzmán 0-0: Ball
1-0: Called Strike
1-1: Ball
2-1: 2-RUN HOME RUN (Flyball, 7D), Distance : 376 ft
Batting: RHB Harlan Thompson 0-0: Called Strike
0-1: Foul Ball, location: 2F
0-2: Ball
1-2: Ball
2-2: Strikes out swinging
Batting: RHB Huai-yi Yang 0-0: Ball
1-0: Foul Ball, location: 2F
1-1: SINGLE (Line Drive, 6D)
Batting: RHB Mason Congdon 0-0: Called Strike
0-1: Called Strike
0-2: Ball
1-2: Foul Ball, location: 2F
1-2: Ball
2-2: Strikes out looking
Top of the 2nd over - 5 runs, 4 hits, 0 errors, 1 left on base; Durham 7 - Ft. Polk South 0
BOTTOM OF THE 2ND
Ft. Polk South Thunder Hawks batting - Pitching for Durham Rapiers : RHP Scott Thompson
Batting: RHB Thomas Feliciano 0-0: Foul Ball, location: 2F
0-1: Swinging Strike
0-2: Strikes out swinging
Batting: RHB Melvin Aikey 0-0: Ball
1-0: Ground out 4-3 (Groundball, 4)
Batting: RHB Qu-bing Thien 0-0: Swinging Strike
0-1: Ball
1-1: Ball
2-1: Foul Ball, location: 2F
2-2: Foul Ball, location: 2F
2-2: Ground out 5-3 (Groundball, 56S)
Bottom of the 2nd over - 0 runs, 0 hits, 0 errors, 0 left on base; Durham 7 - Ft. Polk South 0
TOP OF THE 3RD
Durham Rapiers batting - Pitching for Ft. Polk South Thunder Hawks : RHP Jesús Silva
Batting: LHB Dante Aristizabal 0-0: Called Strike
0-1: Foul Ball, location: 2F
0-2: Fly out, F7 (Line Drive, 78S)
Batting: RHB Scotty Glenn 0-0: Ball
1-0: Called Strike
1-1: Foul Ball, location: 2F
1-2: Ball
2-2: Foul Ball, location: 2F
2-2: Foul Ball, location: 2F
2-2: Foul Ball, location: 2F
2-2: Ball
3-2: Ground out 4-3 (Groundball, 4)
Batting: SHB Rafael González 0-0: SINGLE (Flyball, 9S)
Batting: RHB Tso-i Wang 0-0: Swinging Strike
0-1: Ground out 4-3 (Groundball, 4M)
Top of the 3rd over - 0 runs, 1 hit, 0 errors, 1 left on base; Durham 7 - Ft. Polk South 0
BOTTOM OF THE 3RD
Ft. Polk South Thunder Hawks batting - Pitching for Durham Rapiers : RHP Scott Thompson
Batting: SHB Dong-joo Yu 0-0: Swinging Strike
0-1: Swinging Strike
0-2: Ground out 4-3 (Groundball, 34D)
Batting: LHB Augusto Reyes 0-0: Ball
1-0: Called Strike
1-1: Foul Ball, location: 2F
1-2: Ball
2-2: Foul Ball, location: 2F
2-2: Foul Ball, location: 2F
2-2: Foul Ball, location: 2F
2-2: Ball
3-2: Strikes out swinging
Batting: LHB Yu Miao 0-0: Ball
1-0: Foul Ball, location: 2F
1-1: Fly out, F8 (Flyball, 8LS)
Bottom of the 3rd over - 0 runs, 0 hits, 0 errors, 0 left on base; Durham 7 - Ft. Polk South 0
TOP OF THE 4TH
Durham Rapiers batting - Pitching for Ft. Polk South Thunder Hawks : RHP Jesús Silva
Batting: LHB Steve Costillo 0-0: Foul Ball, location: 2F
0-1: Ball
1-1: Foul Ball, location: 2F
1-2: Foul Ball, location: 2F
1-2: Foul Ball, location: 2F
1-2: Ball
2-2: Foul Ball, location: 2F
2-2: SINGLE (Groundball, 3D)
Pitching: RHP Seong-hyeon Pak
Batting: RHB Juan Guzmán 0-0: Called Strike
0-1: Ball
1-1: Ball
2-1: Grounds into double play, 1-6-3 (Groundball, 13S)
Batting: RHB Harlan Thompson 0-0: SINGLE (Popup, 3D)
Batting: RHB Huai-yi Yang 0-0: Ball
1-0: Ball
2-0: Called Strike
Harlan Thompson steals 2nd base
2-1: Called Strike
2-2: SINGLE (Line Drive, 6MD)
Harlan Thompson to third
Runner from 3rd tries for Home, SAFE, throw made home
Batting: RHB Mason Congdon 0-0: Called Strike
0-1: Swinging Strike
0-2: Ball
1-2: Foul Ball, location: 2F
1-2: Foul Ball, location: 2F
1-2: Ball
2-2: SINGLE (Groundball, 56D)
Huai-yi Yang to second
Batting: LHB Dante Aristizabal 0-0: Ball
1-0: Swinging Strike
1-1: Ball
2-1: Swinging Strike
2-2: Ground out 4-3 (Groundball, 4D)
Top of the 4th over - 1 run, 4 hits, 0 errors, 2 left on base; Durham 8 - Ft. Polk South 0
BOTTOM OF THE 4TH
Ft. Polk South Thunder Hawks batting - Pitching for Durham Rapiers : RHP Scott Thompson
Batting: RHB Ruggiero Veneziano 0-0: Called Strike
0-1: Ball
1-1: Ground out 6-3 (Groundball, 6)
Batting: LHB Marc Ben 0-0: SINGLE (Flyball, 8RS)
Batting: RHB Pedro Larate 0-0: Called Strike
0-1: DOUBLE (Line Drive, 9LS)
Marc Ben to third
Batting: RHB Thomas Feliciano 0-0: Called Strike
0-1: Ball
1-1: Fly out, F2 (Popup, 23F)
Batting: RHB Melvin Aikey 0-0: Called Strike
0-1: DOUBLE (Groundball, 5L)
Marc Ben scores
Pedro Larate scores
Batting: RHB Qu-bing Thien 0-0: Ball
1-0: Ball
2-0: Fly out, F7 (Flyball, 7LS)
Bottom of the 4th over - 2 runs, 3 hits, 0 errors, 1 left on base; Durham 8 - Ft. Polk South 2
TOP OF THE 5TH
Durham Rapiers batting - Pitching for Ft. Polk South Thunder Hawks : RHP Seong-hyeon Pak
Batting: RHB Scotty Glenn 0-0: SINGLE (Groundball, 56S) (infield hit)
Batting: SHB Rafael González 0-0: Called Strike
0-1: Ball
1-1: Ball
2-1: Foul Ball, location: 2F
2-2: Grounds into double play, 6-4-3 (Groundball, 6)
Batting: RHB Tso-i Wang 0-0: Called Strike
0-1: Ball
1-1: Foul Ball, location: 2F
1-2: Ball
2-2: Fly out, F5 (Line Drive, 56)
Top of the 5th over - 0 runs, 1 hit, 0 errors, 0 left on base; Durham 8 - Ft. Polk South 2
BOTTOM OF THE 5TH
Ft. Polk South Thunder Hawks batting - Pitching for Durham Rapiers : RHP Scott Thompson
Batting: SHB Dong-joo Yu 0-0: Ball
1-0: Ground out 4-3 (Groundball, 4)
Batting: LHB Augusto Reyes 0-0: Ball
1-0: Swinging Strike
1-1: Ball
2-1: SINGLE (Line Drive, 56D)
Batting: LHB Yu Miao 0-0: Called Strike
0-1: Fly out, F8 (Flyball, 8RXD)
Batting: RHB Ruggiero Veneziano 0-0: Called Strike
0-1: Called Strike
0-2: Ball
1-2: Fielders Choice at 2nd, U6 (Groundball, 6M)
Bottom of the 5th over - 0 runs, 1 hit, 0 errors, 1 left on base; Durham 8 - Ft. Polk South 2
TOP OF THE 6TH
Durham Rapiers batting - Pitching for Ft. Polk South Thunder Hawks : RHP Seong-hyeon Pak
Batting: LHB Steve Costillo 0-0: Ball
1-0: Ball
2-0: Called Strike
2-1: Foul Ball, location: 2F
2-2: Strikes out swinging
Batting: RHB Juan Guzmán 0-0: Ball
1-0: Ball
2-0: Called Strike
2-1: Fly out, F4 (Line Drive, 4)
Batting: RHB Harlan Thompson 0-0: Ball
1-0: Foul Ball, location: 2F
1-1: Ball
2-1: Swinging Strike
2-2: Strikes out swinging
Top of the 6th over - 0 runs, 0 hits, 0 errors, 0 left on base; Durham 8 - Ft. Polk South 2
BOTTOM OF THE 6TH
Ft. Polk South Thunder Hawks batting - Pitching for Durham Rapiers : RHP Scott Thompson
Batting: LHB Marc Ben 0-0: Called Strike
0-1: Called Strike
0-2: Ball
1-2: Foul Ball, location: 2F
1-2: Foul Ball, location: 2F
1-2: Foul Ball, location: 2F
1-2: Fly out, F9 (Flyball, 9S)
Batting: RHB Pedro Larate 0-0: Foul Ball, location: 2F
0-1: Ground out 6-3 (Groundball, 6D)
Batting: RHB Thomas Feliciano 0-0: SINGLE (Groundball, 34D)
Batting: RHB Melvin Aikey 0-0: Called Strike
0-1: Ball
1-1: Foul Ball, location: 2F
1-2: Strikes out swinging
Bottom of the 6th over - 0 runs, 1 hit, 0 errors, 1 left on base; Durham 8 - Ft. Polk South 2
TOP OF THE 7TH
Durham Rapiers batting - Pitching for Ft. Polk South Thunder Hawks : RHP Seong-hyeon Pak
Batting: RHB Huai-yi Yang 0-0: Ground out 6-3 (Groundball, 6)
Batting: RHB Mason Congdon 0-0: Ball
1-0: SOLO HOME RUN (Line Drive, 7D), Distance : 376 ft
Batting: LHB Dante Aristizabal 0-0: Called Strike
0-1: Ball
1-1: Foul Ball, location: 2F
1-2: SOLO HOME RUN (Line Drive, 9D), Distance : 350 ft
Batting: RHB Scotty Glenn 0-0: Called Strike
0-1: Fly out, F2 (Popup, 2L)
Batting: SHB Rafael González 0-0: Ball
1-0: Fly out, F7 (Flyball, 7LD)
Top of the 7th over - 2 runs, 2 hits, 0 errors, 0 left on base; Durham 10 - Ft. Polk South 2
BOTTOM OF THE 7TH
Ft. Polk South Thunder Hawks batting - Pitching for Durham Rapiers : RHP Scott Thompson
Batting: RHB Qu-bing Thien 0-0: Fly out, F4 (Line Drive, 4)
Batting: SHB Dong-joo Yu 0-0: Ball
1-0: Ball
2-0: Ground out 4-3 (Groundball, 4)
Batting: LHB Augusto Reyes 0-0: Called Strike
0-1: Ball
1-1: Ball
2-1: Ball
3-1: Foul Ball, location: 2F
3-2: DOUBLE (Line Drive, 89D)
Pitching: RHP Rusty Maxson
Batting: LHB Yu Miao 0-0: Ball
1-0: Ball
2-0: Ball
3-0: Base on Balls
Batting: RHB Ruggiero Veneziano 0-0: Ball
1-0: Ball
2-0: Fly out, F5 (Popup, 56)
Bottom of the 7th over - 0 runs, 1 hit, 0 errors, 2 left on base; Durham 10 - Ft. Polk South 2
TOP OF THE 8TH
Durham Rapiers batting - Pitching for Ft. Polk South Thunder Hawks : RHP Seong-hyeon Pak
Batting: RHB Tso-i Wang 0-0: SINGLE (Groundball, 56D)
Batting: LHB Steve Costillo 0-0: Ball
1-0: Ground out 4-3 (Groundball, 4S)
Tso-i Wang to second
Batting: RHB Juan Guzmán 0-0: Foul Ball, location: 2F
0-1: Fly out, F9 (Flyball, 9D)
Runner from 2nd tags up, SAFE at 3rd, no throw
Batting: RHB Harlan Thompson 0-0: Ball
1-0: SINGLE (Line Drive, 8RS)
Tso-i Wang scores
Batting: RHB Huai-yi Yang 0-0: Called Strike
0-1: Ball
1-1: Swinging Strike
1-2: Foul Ball, location: 2F
1-2: Ball
2-2: Foul Ball, location: 2F
2-2: Ball
3-2: Base on Balls
Harlan Thompson to second
Batting: RHB Mason Congdon 0-0: Called Strike
0-1: Ball
1-1: DOUBLE (Line Drive, 5D)
Harlan Thompson scores
Huai-yi Yang to third
Runner from 3rd tries for Home, SAFE, no throw
Pinch Hitting: RHB Salvador Esparza 0-0: Called Strike
0-1: Foul Ball, location: 2F
0-2: Ball
1-2: Foul Ball, location: 2F
1-2: Strikes out swinging
Top of the 8th over - 3 runs, 3 hits, 0 errors, 1 left on base; Durham 13 - Ft. Polk South 2
BOTTOM OF THE 8TH
Ft. Polk South Thunder Hawks batting - Pitching for Durham Rapiers : RHP Rusty Maxson
Now in RF: Yoshi Kouda
Batting: LHB Marc Ben 0-0: SINGLE (Flyball, 78S)
Batting: RHB Pedro Larate 0-0: Ball
1-0: Foul Ball, location: 2F
1-1: Fly out, F8 (Flyball, 8LM)
Batting: RHB Thomas Feliciano 0-0: Ball
1-0: Ball
2-0: Foul Ball, location: 2F
2-1: Ball
3-1: Base on Balls
Marc Ben to second
Batting: RHB Melvin Aikey 0-0: Ball
1-0: Called Strike
1-1: Called Strike
1-2: Strikes out swinging
Batting: RHB Qu-bing Thien 0-0: Swinging Strike
0-1: Fielders Choice at 2nd, 5-4 (Groundball, 56)
Bottom of the 8th over - 0 runs, 1 hit, 0 errors, 2 left on base; Durham 13 - Ft. Polk South 2
TOP OF THE 9TH
Durham Rapiers batting - Pitching for Ft. Polk South Thunder Hawks : RHP Seong-hyeon Pak
Batting: RHB Scotty Glenn 0-0: Ball
1-0: Swinging Strike
1-1: Ball
2-1: Ball
3-1: Foul Ball, location: 2F
3-2: Foul Ball, location: 2F
3-2: Base on Balls
Pitching: RHP Delano Turnipseed
Batting: SHB Rafael González 0-0: Ball
1-0: Called Strike
1-1: Swinging Strike
1-2: Ball
2-2: DOUBLE (Flyball, 89XD)
Scotty Glenn to third
Batting: RHB Tso-i Wang 0-0: Ball
1-0: Foul Ball, location: 2F
1-1: Ball
2-1: Swinging Strike
2-2: Ground out 3-1 (Groundball, 34S)
Scotty Glenn scores
Rafael González to third
Batting: LHB Steve Costillo 0-0: Ground out 1-3 (Groundball, 13)
Batting: RHB Juan Guzmán 0-0: Called Strike
0-1: Called Strike
0-2: Foul Ball, location: 2F
0-2: Ball
1-2: Ball
2-2: Strikes out swinging
Top of the 9th over - 1 run, 1 hit, 0 errors, 1 left on base; Durham 14 - Ft. Polk South 2
BOTTOM OF THE 9TH
Ft. Polk South Thunder Hawks batting - Pitching for Durham Rapiers : RHP Rusty Maxson
Batting: SHB Dong-joo Yu 0-0: Foul Ball, location: 2F
0-1: Ball
1-1: Called Strike
1-2: Ball
2-2: Ball
3-2: Foul Ball, location: 2F
3-2: Foul Ball, location: 2F
3-2: Base on Balls
Batting: LHB Augusto Reyes 0-0: Ball
1-0: Fly out, F7 (Flyball, 7LMF)
Batting: LHB Yu Miao 0-0: Called Strike
0-1: Ball
1-1: Ball
2-1: 2-RUN HOME RUN (Flyball, 9LD), Distance : 339 ft
Batting: RHB Ruggiero Veneziano 0-0: Ball
1-0: Ground out 6-3 (Groundball, 6)
Pinch Hitting: LHB Shohei Otani 0-0: Foul Ball, location: 2F
0-1: Ball
1-1: Ball
2-1: Ball
3-1: Base on Balls
Batting: RHB Pedro Larate 0-0: Fielders Choice at 2nd, 5-4 (Groundball, 56)
Bottom of the 9th over - 2 runs, 1 hit, 0 errors, 1 left on base; Durham 14 - Ft. Polk South 4
Friday, March 29th, 2019 - OOTP Baseball 18.8 Build 76